Map: Magannatha LE

Players

ManlyManMeat

  • Race: Zerg Zerg
  • League: Diamond
  • Spawn Location: 11:00

iiiiiiiiii - Winner!

  • Race: Protoss Protoss
  • League: Master
  • Spawn Location: 5:00

VOD

Have the link to the VOD?

Description

Time

  • Played on: July 8, 2025, 6:25 a.m.
  • Length: 7:08
Show
View Real Time Build Order
Export as new Build Order

ManlyManMeat Zerg 

Build Orders: Hatch First 

Get SALT Encoding   

  12  0:00  Drone  
  13  0:08  Drone  
  14  0:14  Extractor  
  14  0:16  Drone  
  15  0:22  Overlord  
  15  0:41  Drone  
  16  0:47  Hatchery  
  15  0:54  Drone x2  
  17  0:57  Drone  
  18  1:11  Extractor  
  17  1:19  Spawning Pool  
  17  1:21  Drone  
  17  1:25  Drone  
  18  1:31  Drone  
  19  2:02  Overlord  
  19  2:08  Queen x2  
  19  2:09  Zergling x4  
  19  2:13  Drone x2  
  27  2:25  Metabolic Boost  
  27  2:33  Drone  
  27  2:34  Drone x3  
  31  2:49  Queen  
  31  2:50  Drone x3  
  36  3:05  Baneling Nest  
  35  3:13  Drone  
  35  3:14  Overlord x2  
  36  3:40  Zergling x6  
  36  3:41  Zergling x2  
  40  3:51  Zergling x6  
  43  4:00  Spore Crawler  
  43  4:02  Spore Crawler  
  41  4:05  Zergling x12  
  47  4:10  Baneling x4  
  46  4:19  Zergling x6  
  49  4:34  Zergling x2  
  49  4:35  Zergling x4, Overlord x3  
  52  4:41  Overlord x3  
  49  4:54  Lair  
  49  4:58  Drone x3, Extractor  
  47  5:11  Drone x4  
  51  5:22  Extractor  
  51  5:23  Drone x3  
  51  5:24  Extractor  
  52  5:40  Baneling x4  
  52  5:44  Drone x3  
  52  5:45  Drone x2  
  52  5:46  Drone  
  52  5:49  Baneling x2  
  58  5:55  Zergling x4  
  58  5:56  Zergling x2  
  61  5:57  Queen  
  61  5:58  Zergling x2  
  55  6:24  Zergling x14  
  61  6:29  Drone x3, Hydralisk Den  
  56  6:49  Zergling x2  
  56  6:50  Zergling x12  
Show
View Real Time Build Order
Export as new Build Order

iiiiiiiiii Protoss - Winner!

Build Orders: Zealot Archon, Dark Templar Rush 

Get SALT Encoding   

  12  0:08  Pylon  
  12  0:13  Probe  
  13  0:28  Gateway  
  13  0:33  Probe  
  14  0:49  Probe  
  15  0:52  Assimilator  
  15  0:55  Assimilator  
  15  1:01  Probe  
  16  1:12  Probe  
  16  1:16  Cybernetics Core  
  17  1:20  Probe  
  18  1:28  Probe  
  19  1:39  Probe  
  19  1:44  Pylon  
  20  1:53  Twilight Council  
  20  1:55  Warp Gate  
  20  1:59  Adept  
  22  2:04  Probe  
  23  2:16  Probe  
  24  2:30  Dark Shrine  
  24  2:51  Nexus  
  24  3:02  Gateway  
  24  3:14  Gateway  
  24  3:27  Pylon  
  24  3:47  Dark Templar  
  26  3:53  Probe  
  27  3:56  Robotics Facility  
  27  3:57  Dark Templar  
  29  4:11  Dark Templar  
  29  4:36  Robotics Facility  
  29  4:38  Probe  
  30  4:39  Probe  
  31  4:47  Probe  
  31  4:50  Probe  
  31  4:52  Dark Templar  
  35  4:57  Probe  
  34  5:00  Immortal  
  32  5:09  Probe x2  
  32  5:14  Pylon  
  38  5:20  Dark Templar  
  40  5:25  Probe  
  40  5:26  Probe  
  40  5:27  Immortal  
  42  5:31  Archon  
  42  5:37  Probe  
  47  5:51  Zealot x2  
  51  5:58  Dark Templar  
  51  6:02  Archon  
  53  6:13  Immortal  
  53  6:18  Warp Prism  
  42  6:24  Zealot x2  
  52  6:46  Zealot  
  50  6:47  Zealot x2  
  50  7:08  Zealot x2  
Tags
 
Composition
Zealot Archon
Matchup
PvZ
Replay Pack
Myownreplay2
Spawn Locations
Cross Positions
Add a new tag
Caveats
  • Supply blocks, unpowered buildings, or Contaminate may cause inaccurate times.
  • Supply counts are checked every 10 seconds.